 Dungeon Crawl Stone Soup version 0.27.1 (webtiles) character file.

Game seed: 15324151414260446631

46 Hoon the Digger (level 3, -6/19 HPs)
             Began as a Gargoyle Earth Elementalist on Aug 29, 2021.
             Mangled by Terence (7 damage)
             ... on level 2 of the Dungeon.
             The game lasted 00:14:35 (1180 turns).

Hoon the Digger (Gargoyle Earth Elementalist)       Turns: 1180, Time: 00:14:35

Health: -6/19      AC:  6    Str: 11    XL:     3   Next: 68%
Magic:  2/6        EV: 12    Int: 16    God:
Gold:   60         SH:  0    Dex: 10    Spells: 6/7 levels left

rFire    . . .     SeeInvis .   e - +1 short sword {;_;}
rCold    . . .     Faith    .   (no shield)
rNeg     + . .     Spirit   .   b - +1 robe
rPois    ∞         Reflect  .   (no helmet)
rElec    +         Harm     .   (no cloak)
rCorr    .         Rampage  .   (no gloves)
Will     .....                  (no boots)
Stlth    ++........             (no amulet)
HPRegen  0.06/turn              (no ring)
MPRegen  0.10/turn              (no ring)

@: no status effects
A: sickness immunity, AC +3, negative energy resistance 1, electricity
resistance, torment resistance 1, petrification resistance
a: no special abilities


You were on level 2 of the Dungeon.
You visited 1 branch of the dungeon, and saw 2 of its levels.

You collected 60 gold pieces.

Inventory:

Hand Weapons
 e - a +1 short sword (weapon) {;_;}
Missiles
 c - 26 stones
Armour
 b - a +1 robe (worn)
Scrolls
 a - a scroll of blinking
 h - a scroll of identify {unknown}
Potions
 d - a potion of ambrosia {unknown}
 f - a potion of heal wounds {unknown}
 g - a potion of curing {unknown}


   Skills:
 * Level 1.0 Short Blades
 + Level 1.7 Dodging
 + Level 2.3 Stealth
 + Level 2.5 Spellcasting
 - Level 0.7 Transmutations
 + Level 4.4 Earth Magic


You had 6 spell levels left.
You knew the following spells:

 Your Spells              Type           Power      Damage    Failure   Level
a - Sandblast             Erth           32%        2d9       3%          1

Your spell library contained the following spells:

 Spells                   Type           Power      Damage    Failure   Level
 Passwall                 Tmut/Erth      8%         N/A       11%         2
 Stone Arrow              Conj/Erth      18%        3d8       24%         3
 Gell's Gravitas          Tloc           1%         N/A       52%         3
 Teleport Other           Tloc           2%         N/A       52%         3
 Petrify                  Tmut/Erth      10%        N/A       56%         4
 Dispersal                Tloc           1%         N/A       100%        6


Dungeon Overview and Level Annotations

Branches:
Dungeon (2/15)

Altars:

Annotations:
D:2 Terence


Innate Abilities, Weirdness & Mutations

You are immune to sickness and miasma.
Your stone body is resilient. (AC +3)
You are immune to poison.
You resist negative energy. (rN+)
You are resistant to electric shocks. (rElec)
You are resistant to unholy torment.
You are immune to petrification.


Message History

The blast of sand hits Terence but does no damage.
Terence closely misses you.
Casting: Sandblast (safe; 3% risk of failure)
Confirm with . or Enter, or press ? or * to list all spells.
Aiming: Sandblast (safe; 3% risk of failure)
Press: ? - help, Shift-Dir - straight line, f/p - Terence
Aim: Terence, wielding a +0 mace and wearing a +0 scale mail (fast, 82% to hit)
The blast of sand hits Terence.
Terence is lightly wounded.
Terence hits you but does no damage.
Casting: Sandblast (safe; 3% risk of failure)
Confirm with . or Enter, or press ? or * to list all spells.
Aiming: Sandblast (safe; 3% risk of failure)
Press: ? - help, Shift-Dir - straight line, f/p - Terence
Aim: Terence, wielding a +0 mace and wearing a +0 scale mail (lightly wounded, fast, 82% to hit)
The blast of sand hits Terence but does no damage.
Terence is lightly wounded.
Terence hits you with a +0 mace! Terence barely misses you.
Casting: Sandblast (safe; 3% risk of failure)
Confirm with . or Enter, or press ? or * to list all spells.
Aiming: Sandblast (safe; 3% risk of failure)
Press: ? - help, Shift-Dir - straight line, f/p - Terence
Aim: Terence, wielding a +0 mace and wearing a +0 scale mail (lightly wounded, fast, 82% to hit)
The blast of sand hits Terence.
Terence is moderately wounded.
Terence closely misses you.
Blink to where?
Press: ? - help, Dir - move target, p - Terence
As you read the scroll labelled ASMYXK SEKOA, it crumbles to dust.
It was a scroll of blinking.
Terence hits you but does no damage.
A hobgoblin comes into view.
Terence closely misses you. Terence hits you with a +0 mace!
* * * LOW HITPOINT WARNING * * *
Terence hits you with a +0 mace.
* * * LOW HITPOINT WARNING * * *
Terence misses you. Terence hits you with a +0 mace!
You die...

....# #††......#
....####..........
.........<###.#..## ...........
....# .......... .... .
......##..#.#.#... ...
......##..#.#.#### ##...
.#.#..##.......####### ..... .#.#
...........@@...##..g...
.#.#..##..#.#.##.............
.#.#..##..#.#.##.###.#.##..# .
.#.#..##..#.#.##.###.#.##..### ..
.............................#...
...............................
......##..#...##.......##....
.......................##..##
.###..##..#...##.###..###..###...


You could see Terence (fast).

Vanquished Creatures
  A gnoll (D:1)
  A dart slug (D:2)
  2 ball pythons (D:2)
  4 endoplasms (D:1)
  A giant cockroach (D:2)
  2 goblins (D:1)
  8 hobgoblins
  2 quokkas (D:1)
  A bat (D:2)
  A frilled lizard (D:1)
  4 kobolds
  4 rats
31 creatures vanquished.

Notes
Turn   | Place    | Note
-------+----------+-------------------------------------------
     0 | D:1      | Hoon the Gargoyle Earth Elementalist began the quest for
                  | the Orb.
     0 | D:1      | Reached XP level 1. HP: 10/10 MP: 3/3
   147 | D:1      | Reached skill level 4 in Earth Magic
   224 | D:1      | Reached XP level 2. HP: 15/15 MP: 1/5
   684 | D:1      | Reached XP level 3. HP: 19/19 MP: 3/6
  1151 | D:2      | Noticed Terence
  1157 | D:2      | Reached skill level 1 in Short Blades
  1180 | D:2      | Mangled by Terence

Illustrated notes

Levels and vault maps discovered:
D:1:      evilmike_arrival_rings, layout_loops_corners,
          minmay_tree_intersection, minmay_misc_feat_more_columns
D:2:      layout_basic, dreamdust_ecumenical_altar_hidden_monk_grotto,
          uniq_terence

Skill      XL: |  1  2  3 |
---------------+----------+-----
Earth Magic    | 4 |  4.4
Short Blades   | 1 |  1.0
Dodging        | |  1.7
Stealth        | |  2.3
Spellcasting   | |  2.5
Transmutations | |  0.7

Action                   || total
-------------------------++-------
Melee: Dagger            ||     7
       Short sword       ||    17
 Cast: Sandblast         ||    34
  Use: Scroll            ||     3
 Stab: Sleeping          ||     2
Armor: Robe              ||     8
Dodge: Dodged            ||    18
